[Event "Titled Tuesday Blitz July 05 Late 2022"]
[White "Bazeev, German"]
[Black "Petrovic, Aleksa"]
[WhiteFideId "24119350"]
[BlackFideId "967629"]
[WhiteElo "2493"]
[BlackElo "2185"]
[Result "1-0"]
[Round "03"]
[TimeControl "180+1"]
[Date "2022.07.06"]
[WhiteClock "0:00:23"]
[BlackClock "0:00:06"]

1. d4 Nf6 2. Bg5 Ne4 3. Bf4 d5 4. Nd2 Nxd2 5. Qxd2 Nd7 6. e3 Nf6 7. Bd3 e6 8. Ne2 c5 9. c3 Bd6 10. O-O O-O 11. Rfd1 b6 12. Bg3 a5 13. a4 Ba6 14. Bxa6 Rxa6 15. Qd3 Ra7 16. Qb5 Bxg3 17. Nxg3 c4 18. b3 Ne8 19. bxc4 Nd6 20. Qb3 Nxc4 21. Rab1 Qd7 22. Ne2 Rc8 23. Qb5 Qxb5 24. Rxb5 Rc6 25. Ra1 Rac7 26. Ra2 Nd6 27. Rb3 Ne4 28. Rc2 g5 29. f3 Nd6 30. Kf2 Rb7 31. g4 b5 32. Ra2 Rcb6 33. e4 dxe4 34. axb5 exf3 35. Kxf3 Rxb5 36. Rxb5 Rxb5 37. Ke3 e5 38. Kd3 exd4 39. Nxd4 Rd5 40. Rb2 Kg7 41. Rb6 Ne8 42. c4 Rd7 43. c5 Nc7 44. Kc4 a4 45. Nf5+ Kf8 46. Rb8+ Ne8 47. Nd6 Re7 48. Ra8 a3 49. Rxa3 Nxd6+ 50. cxd6 Rd7 51. Ra8+ Kg7 52. Kc5 Kf6 53. Kc6 1-0


[Site "https://www.chess.com"]

[Event "Titled Tuesday Blitz July 05 Late 2022"]
[White "Bilych, Olexiy"]
[Black "Tabatabaei, M. Amin"]
[WhiteFideId "14156504"]
[BlackFideId "12521213"]
[WhiteElo "2189"]
[BlackElo "2544"]
[Result "1-0"]
[Round "03"]
[TimeControl "180+1"]
[Date "2022.07.05"]
[WhiteClock "0:00:07"]
[BlackClock "0:00:03"]

1. e4 c6 2. d4 d5 3. e5 Bf5 4. h4 h5 5. Bd3 Bxd3 6. Qxd3 e6 7. Nf3 Qa5+ 8. Nbd2 Qa6 9. c4 Ne7 10. b3 Nf5 11. O-O Be7 12. a4 Nxh4 13. Nxh4 Bxh4 14. Ba3 Nd7 15. a5 Qxa5 16. Be7 Qxa1 17. Rxa1 Bxe7 18. cxd5 exd5 19. Qg3 O-O 20. Qh3 Rfd8 21. Qxh5 c5 22. g3 cxd4 23. Kg2 g6 24. Qe2 Nc5 25. Nf3 Ne6 26. Rh1 Bf8 27. Qd2 Bg7 28. Nxd4 Nxd4 29. Qxd4 a5 30. f4 b5 31. Ra1 Bf8 32. Qb6 a4 33. bxa4 b4 34. e6 Rab8 35. exf7+ Kxf7 36. Qc7+ Kg8 37. a5 b3 38. a6 b2 39. Rb1 Rdc8 40. a7 Ra8 41. Qb7 Bg7 42. Qxd5+ Kf8 43. Qb7 Kg8 44. Kh3 Rd8 45. Kg4 Re8 46. Qb3+ Kf8 47. Qb6 Rac8 48. Rxb2 Bxb2 49. Qxb2 Kf7 50. Qb7+ Kf6 51. Qa6+ Kf7 52. Qd6 Ra8 53. Qc7+ Re7 54. Qc4+ Kg7 55. Qd4+ Kf7 56. Qd5+ 1-0


[Site "https://www.chess.com"]

[Event "Titled Tuesday Blitz July 05 Late 2022"]
[White "Bon, Michael"]
[Black "Przybylski, Wojciech"]
[WhiteFideId "620696"]
[BlackFideId "1117599"]
[WhiteElo "2234"]
[BlackElo "2133"]
[Result "0-1"]
[Round "03"]
[TimeControl "180+1"]
[Date "2022.07.06"]
[WhiteClock "0:00:05"]
[BlackClock "0:00:08"]

1. e4 e5 2. Nf3 Nc6 3. Bc4 Nf6 4. d3 Be7 5. c3 O-O 6. O-O d6 7. a4 Be6 8. Bxe6 fxe6 9. b4 Qd7 10. Nbd2 Rae8 11. Re1 Kh8 12. Nc4 a6 13. b5 Nd8 14. Qb3 Nf7 15. Rb1 Ra8 16. Bd2 Nh5 17. b6 c6 18. d4 Rad8 19. Rbd1 exd4 20. cxd4 Nf6 21. e5 Nd5 22. exd6 Bxd6 23. Nxd6 Qxd6 24. Re4 Rde8 25. Rde1 Nd8 26. Rh4 Rf5 27. Qd3 Kg8 28. Ng5 Nf6 29. Qh3 h6 30. Nf3 Nf7 31. Bc3 Nd5 32. Bd2 Rf8 33. Qg3 Qxg3 34. hxg3 Rf6 35. Ne5 Rd8 36. Nc4 Kf8 37. Na5 Rd7 38. Rhe4 Ke7 39. f4 Nd6 40. R4e2 Nf5 41. Kf2 Nxd4 42. Re4 Nf5 43. g4 Nd6 44. g3 Nxe4+ 45. Rxe4 Nxb6 46. Be3 Nd5 47. Bc5+ Kf7 48. Nc4 g5 49. Ne5+ Ke8 50. Nxd7 Kxd7 51. f5 exf5 52. gxf5 Rxf5+ 53. Kg2 b6 54. Bg1 c5 55. Re2 Kc6 56. Re6+ Kd7 57. Rxh6 Rf6 58. Rh7+ Kc6 59. Ra7 Nb4 60. a5 Kb5 61. axb6 Rxb6 62. g4 Rc6 63. Be3 c4 64. Bxg5 c3 65. Be3 c2 66. Kf3 Nd5 67. Bf4 Nxf4 68. Rb7+ Ka4 69. Kxf4 c1=Q+ 70. Kf5 Qc2+ 71. Ke5 Qc3+ 72. Kf5 Qc2+ 73. Ke5 Qe2+ 74. Kf5 Rc5+ 75. Kf6 Qf3+ 76. Ke7 Qxb7+ 77. Kd6 Qb6+ 78. Kd7 Rc7+ 79. Kd8 Qb8# 0-1


[Site "https://www.chess.com"]

[Event "Titled Tuesday Blitz July 05 Late 2022"]
[White "Bortnyk, Olexandr"]
[Black "Ladopoulos, Dimitrios"]
[WhiteFideId "14120828"]
[BlackFideId "4239580"]
[WhiteElo "2723"]
[BlackElo "2195"]
[Result "1-0"]
[Round "03"]
[TimeControl "180+1"]
[Date "2022.07.05"]
[WhiteClock "0:01:19"]
[BlackClock "0:00:59"]

1. d4 e6 2. Nc3 d5 3. Bf4 Nf6 4. Nb5 Na6 5. e3 c6 6. Nc3 Nc7 7. Nf3 b6 8. Ne5 Bb7 9. Bd3 Bd6 10. Qf3 Qe7 11. O-O-O Nd7 12. Nxf7 Bxf4 13. Nxh8 Bh6 14. Bxh7 O-O-O 15. Ng6 Qb4 16. a3 Qa5 17. Ne7+ Kb8 18. Bd3 c5 19. Qg3 cxd4 20. Nb5 e5 21. Nxc7 Kxc7 22. Kb1 dxe3 23. fxe3 Kb8 24. Nf5 Ka8 25. Rhf1 e4 26. Bxe4 dxe4 27. Nxh6 gxh6 28. Qc7 1-0


[Site "https://www.chess.com"]

[Event "Titled Tuesday Blitz July 05 Late 2022"]
[White "D`Arruda, Ricardo D."]
[Black "Freitag, Manfred"]
[WhiteFideId "100692"]
[BlackFideId "1602004"]
[WhiteElo "2442"]
[BlackElo "2292"]
[Result "1/2-1/2"]
[Round "03"]
[TimeControl "180+1"]
[Date "2022.07.06"]
[WhiteClock "0:00:10"]
[BlackClock "0:00:09"]

1. d4 Nf6 2. Nf3 g6 3. Nc3 Bg7 4. e4 d5 5. exd5 Nxd5 6. Bc4 Nb6 7. Bb3 O-O 8. O-O Nc6 9. Be3 Bg4 10. h3 Bxf3 11. Qxf3 Nxd4 12. Bxd4 Qxd4 13. Qxb7 Qc5 14. Ne4 Qe5 15. c3 a5 16. a4 Rab8 17. Qc6 e6 18. Rad1 Nd5 19. Bxd5 exd5 20. Qxd5 Rxb2 21. Qxe5 Bxe5 22. Rd5 Re8 23. Rxa5 f5 24. Ng5 Bxc3 25. Rc5 Be5 26. Nf3 Bd6 27. Rc4 Ra2 28. Re1 Ra8 29. g3 R8xa4 30. Rxa4 Rxa4 31. Re8+ Kf7 32. Rh8 Kg7 33. Rc8 Ra2 34. Ng5 Kf6 35. Nxh7+ Ke7 36. Nf8 g5 37. Ng6+ Kd7 38. Rg8 Rd2 39. f4 gxf4 40. Nxf4 c5 41. Kf1 c4 42. Ke1 Rh2 43. h4 Bb4+ 44. Kd1 c3 45. Nd3 c2+ 46. Kc1 Ba3+ 47. Nb2 Bc5 48. Nc4 Ke6 49. Rc8 Kd5 50. Nd2 Be3 51. Rd8+ Ke5 52. Kxc2 Rg2 53. Rd3 Bxd2 54. Rxd2 Rxg3 55. Rh2 Kf6 56. Kd2 Kg6 57. h5+ Kh6 58. Ke2 f4 59. Kf2 Rg4 60. Kf3 Rg5 61. Kxf4 Rxh5 62. Rxh5+ Kxh5 1/2-1/2


[Site "https://www.chess.com"]

[Event "Titled Tuesday Blitz July 05 Late 2022"]
[White "Dardha, Arben"]
[Black "Ward, Ieuan C"]
[WhiteFideId "4700481"]
[BlackFideId "406627"]
[WhiteElo "2196"]
[BlackElo "2286"]
[Result "0-1"]
[Round "03"]
[TimeControl "180+1"]
[Date "2022.07.06"]
[WhiteClock "0:00:20"]
[BlackClock "0:00:11"]

1. e4 d5 2. exd5 Qxd5 3. Nc3 Qd6 4. Nf3 Nf6 5. d4 c6 6. Bc4 Bg4 7. Be3 e6 8. h3 Bxf3 9. Qxf3 Nbd7 10. O-O Be7 11. Rad1 O-O 12. Bf4 Qb4 13. Bb3 Nd5 14. Nxd5 cxd5 15. Qg3 Rfe8 16. Rd3 Nf6 17. Be5 g6 18. c3 Qa5 19. Re1 Ne4 20. Qg4 f5 21. Qe2 Bf6 22. Bxf6 Nxf6 23. Qe5 Nd7 24. Qd6 Nf8 25. h4 Rad8 26. Qg3 Qb6 27. h5 Qd6 28. Qg5 Qe7 29. Qd2 gxh5 30. Rde3 Qf6 31. Qe2 Kh8 32. Qxh5 Qg6 33. Qh4 b6 34. Rg3 Qf7 35. Rh3 Re7 36. c4 dxc4 37. Bxc4 Red7 38. d5 exd5 39. Bd3 Ng6 40. Qh5 Rf8 41. Qh6 Qg7 42. Qg5 Qf7 43. Rh6 Rd6 44. Qh5 Rd7 45. Re3 d4 46. Rh3 Nf4 47. Qxf7 Nxh3+ 48. Rxh3 Rfxf7 49. Rh5 Rd6 50. Bxf5 Rdf6 51. Bd3 Rxf2 52. Rxh7+ Rxh7 53. Kxf2 Re7 54. b3 Re3 55. Bc4 Kg7 56. g4 Kf6 57. a4 Kg5 58. Be2 Kf4 59. Bd1 d3 60. g5 d2 61. g6 Re6 62. Bc2 Re7 63. g7 Rxg7 64. Ke2 Rd7 65. Bd3 Rxd3 66. Kd1 Rd4 67. a5 Ke5 68. a6 Rd6 69. b4 Ke6 70. b5 Kd7 71. Kc2 Rd5 72. Kc3 Rd6 73. Kc4 d1=Q 74. Kb4 Qd4+ 75. Ka3 Re6 76. Kb3 Re3+ 77. Kc2 Qf4 78. Kd2 Qf2+ 79. Kd1 Re1# 0-1


[Site "https://www.chess.com"]

[Event "Titled Tuesday Blitz July 05 Late 2022"]
[White "Deac, Bogdan-Daniel"]
[Black "Baches Garcia, Guillermo"]
[WhiteFideId "1226380"]
[BlackFideId "2209764"]
[WhiteElo "2648"]
[BlackElo "2520"]
[Result "1-0"]
[Round "03"]
[TimeControl "180+1"]
[Date "2022.07.05"]
[WhiteClock "0:01:01"]
[BlackClock "0:00:01"]

1. d4 Nf6 2. c4 e6 3. Nf3 d5 4. g3 Be7 5. Bg2 O-O 6. Qd3 dxc4 7. Qxc4 a6 8. Bf4 Bd6 9. Bg5 b6 10. Qd3 Bb7 11. Bxf6 Qxf6 12. Ng5 Qxg5 13. Bxb7 Qc1+ 14. Qd1 Bb4+ 15. Nc3 Bxc3+ 16. bxc3 Qxc3+ 17. Kf1 Ra7 18. Bf3 Rd8 19. e3 c5 20. Rc1 Qb4 21. Kg2 Rad7 22. Rb1 Qa5 23. Qb3 cxd4 24. exd4 b5 25. d5 exd5 26. Rhd1 Nc6 27. Bxd5 Ne5 28. Be4 Rxd1 29. Rxd1 Rxd1 30. Qxd1 Qc7 31. Qd5 g6 32. Qa8+ Kg7 33. Qxa6 Qc5 34. h3 b4 35. Qb7 h5 36. Bd5 h4 37. gxh4 Qd4 38. Be4 Qd6 39. Qd5 Qxd5 40. Bxd5 Nd3 41. Kg3 Kf6 42. f4 Kf5 43. Bxf7 Nxf4 44. Bc4 Nh5+ 45. Kf3 Ke5 46. Kg4 Kf6 47. Bb3 Ng7 48. Bc2 Ne8 49. h5 gxh5+ 50. Kxh5 Kg7 51. Kg5 Nd6 52. Bd3 Nb7 53. Kf5 Nc5 54. Bc2 Na6 55. Ke5 Nc7 56. Bd3 Na8 57. Kd6 Nb6 58. Kc5 1-0


[Site "https://www.chess.com"]

[Event "Titled Tuesday Blitz July 05 Late 2022"]
[White "Diaz Perez, Michel Alejandro"]
[Black "Toncheva, Nadya"]
[WhiteFideId "3517179"]
[BlackFideId "2924056"]
[WhiteElo "2313"]
[BlackElo "1888"]
[Result "1-0"]
[Round "03"]
[TimeControl "180+1"]
[Date "2022.07.06"]
[WhiteClock "0:00:06"]
[BlackClock "0:00:05"]

1. d4 Nf6 2. Bf4 e6 3. e3 c5 4. c3 d5 5. Nd2 Bd6 6. Ngf3 Qc7 7. Bg5 Nbd7 8. Bb5 O-O 9. O-O a6 10. Be2 h6 11. Bh4 e5 12. dxe5 Bxe5 13. Nxe5 Qxe5 14. Nf3 Qe6 15. Qc2 Ne5 16. Nxe5 Qxe5 17. Bg3 Qe7 18. c4 Be6 19. cxd5 Nxd5 20. a3 Rfd8 21. Rac1 Rac8 22. Rfd1 Nf6 23. Bh4 b5 24. e4 Qc7 25. Bg3 Qb6 26. e5 Nd5 27. Bf3 Ne7 28. Be4 Nc6 29. h4 Nd4 30. Qd3 c4 31. Qe3 Rd7 32. Rd2 Nf3+ 33. Qxf3 Rxd2 34. Bf4 Rxb2 35. Be3 Qd8 36. Qg3 Kh8 37. f4 Qd7 38. Bf3 Bf5 39. Rd1 Qe6 40. Rd6 Qe7 41. Bd4 Rb1+ 42. Kh2 c3 43. Rxh6+ gxh6 44. e6+ f6 45. Be4 Bxe4 46. f5 Bxf5 47. Qf4 Qxe6 48. Qxh6+ Kg8 49. Bxf6 Qf7 50. Qh8# 1-0


[Site "https://www.chess.com"]

[Event "Titled Tuesday Blitz July 05 Late 2022"]
[White "Diaz Rosas, Julio Cesar"]
[Black "Oro, Luis"]
[WhiteFideId "5105099"]
[BlackFideId "104094"]
[WhiteElo "2278"]
[BlackElo "2372"]
[Result "1-0"]
[Round "03"]
[TimeControl "180+1"]
[Date "2022.07.06"]
[WhiteClock "0:00:09"]
[BlackClock "0:00:02"]

1. d4 Nf6 2. c4 e6 3. Nc3 Bb4 4. a3 Bxc3+ 5. bxc3 O-O 6. f3 d5 7. e3 c5 8. Bd3 Nc6 9. Ne2 cxd4 10. cxd4 e5 11. cxd5 Qxd5 12. e4 Qd6 13. d5 Ne7 14. O-O Nd7 15. Be3 b6 16. Nc3 a6 17. Qe2 Bb7 18. Na2 Nc5 19. Bc2 a5 20. Rfc1 Ba6 21. Qf2 Rac8 22. Nc3 f5 23. exf5 Nxf5 24. Ne4 Nxe4 25. Bxe4 Nxe3 26. Qxe3 Bb7 27. Qd3 Rc5 28. Bxh7+ Kh8 29. Be4 Rfc8 30. Rd1 b5 31. Qe3 b4 32. axb4 axb4 33. Rab1 Rc3 34. Qg5 b3 35. Qh5+ Qh6 36. Qxh6+ gxh6 37. d6 Bxe4 38. fxe4 Rd8 39. h3 Kg7 40. Kh2 Kf6 41. Rd2 Ke6 42. Rbd1 Rc6 43. Rb1 Rb6 44. Rd3 Rbxd6 45. Rxd6+ Rxd6 46. Rxb3 Kf6 47. Rf3+ Kg6 48. Rf5 Re6 49. g4 Kg7 50. Kg3 Re8 51. Kh4 Kg6 52. Kg3 Re7 53. h4 Re8 54. h5+ Kg7 55. Kh4 Re6 56. g5 hxg5+ 57. Kxg5 Re7 58. h6+ Kh7 59. Kh5 Re6 60. Rf7+ Kg8 61. Rg7+ Kh8 62. Rd7 Ra6 63. Kg5 Rb6 64. h7 1-0


[Site "https://www.chess.com"]

[Event "Titled Tuesday Blitz July 05 Late 2022"]
[White "Dilanyan, Grigor"]
[Black "Riehle, Marco"]
[WhiteFideId "13303570"]
[BlackFideId "12904392"]
[WhiteElo "2279"]
[BlackElo "2462"]
[Result "0-1"]
[Round "03"]
[TimeControl "180+1"]
[Date "2022.07.05"]
[WhiteClock "0:00:05"]
[BlackClock "0:00:42"]

1. d4 d5 2. Nf3 e6 3. g3 Nf6 4. Bg2 c5 5. O-O Nc6 6. c4 dxc4 7. Ne5 Nxe5 8. dxe5 Nd5 9. Na3 c3 10. bxc3 Nxc3 11. Qc2 Nd5 12. Rd1 Qc7 13. Bb2 Be7 14. Nb5 Qc6 15. Nd6+ Bxd6 16. exd6 O-O 17. e4 Nb6 18. a4 Nd7 19. e5 Qa6 20. a5 Rb8 21. Rdb1 Rd8 22. Bf1 Qc6 23. Bg2 Qa6 24. Bc3 Nf8 25. Be4 Bd7 26. Bd2 c4 27. Bg5 Rdc8 28. Be7 g6 29. Bf6 h6 30. Qc1 Kh7 31. Ra3 c3 32. Rb4 Qe2 33. Bd3 Qd2 34. Qf1 c2 35. Bxc2 Rxc2 36. Rh4 Rc1 37. Ra1 Rxf1+ 38. Rxf1 Rc8 39. f4 Rc1 40. Rxc1 Qxc1+ 41. Kg2 Bc6+ 42. Kf2 Qd2+ 43. Kf1 Bf3 44. Bg5 Qe2+ 0-1


[Site "https://www.chess.com"]

[Event "Titled Tuesday Blitz July 05 Late 2022"]
[White "Domingo Nunez, Ruben"]
[Black "Hansen, Eric"]
[WhiteFideId "22245570"]
[BlackFideId "2606771"]
[WhiteElo "2373"]
[BlackElo "2568"]
[Result "0-1"]
[Round "03"]
[TimeControl "180+1"]
[Date "2022.07.05"]
[WhiteClock "0:00:11"]
[BlackClock "0:00:35"]

1. c4 e5 2. Nc3 Nc6 3. g3 Nf6 4. Bg2 Bb4 5. Nf3 O-O 6. O-O d6 7. Qc2 Bxc3 8. Qxc3 Bg4 9. Re1 Re8 10. b3 Ne4 11. Qc2 Nc5 12. Bb2 Qd7 13. Ng5 Bf5 14. Ne4 Nb4 15. Qb1 a5 16. Bc3 Bxe4 17. Bxe4 Nxe4 18. Qxe4 Nc6 19. Qd5 b6 20. Kg2 h5 21. e4 h4 22. Rad1 h3+ 23. Kg1 Ne7 24. Qd3 Ng6 25. Qf3 b5 26. cxb5 Qxb5 27. Qf5 a4 28. b4 Qc4 29. a3 Qe6 30. Re3 d5 31. Qxe6 fxe6 32. d4 exd4 33. Bxd4 e5 34. Bc5 d4 35. Rf3 Nf8 36. Rf5 Nd7 37. Rc1 Ra6 38. b5 Ra5 39. Bb4 Rxb5 40. Rxc7 Nf6 41. Rg5 Rxb4 42. axb4 d3 43. Kf1 Rd8 44. Rgxg7+ Kh8 45. Ke1 a3 46. f3 a2 47. Ra7 a1=Q+ 48. Rxa1 Kxg7 49. Kd2 Rd4 50. Ra5 Rxb4 51. Kc3 d2 52. Kxd2 Rb2+ 53. Ke3 Rxh2 54. Rxe5 Re2+ 55. Kxe2 h2 56. Re7+ Kf8 57. Re6 Kf7 0-1


[Site "https://www.chess.com"]

[Event "Titled Tuesday Blitz July 05 Late 2022"]
[White "Dubov, Daniil"]
[Black "Rostovtsev, Dmitry"]
[WhiteFideId "24126055"]
[BlackFideId "34278320"]
[WhiteElo "2791"]
[BlackElo "2232"]
[Result "1-0"]
[Round "03"]
[TimeControl "180+1"]
[Date "2022.07.05"]
[WhiteClock "0:00:15"]
[BlackClock "0:00:03"]

1. c4 e5 2. g3 c6 3. d4 e4 4. d5 Nf6 5. Bg2 Bb4+ 6. Bd2 Bxd2+ 7. Qxd2 d6 8. Nc3 Bf5 9. Nh3 O-O 10. O-O c5 11. Ng5 Re8 12. Qf4 Bg6 13. Ngxe4 Nxe4 14. Bxe4 Qe7 15. Bxg6 hxg6 16. Nb5 Rd8 17. Rad1 a6 18. Nc3 Nd7 19. h4 Ne5 20. Kg2 b5 21. cxb5 axb5 22. b4 Ra3 23. Nxb5 Ra4 24. a3 cxb4 25. Nc3 Rxa3 26. Qxb4 Ra7 27. Rc1 Rb7 28. Qd4 Rb2 29. Rb1 Rdb8 30. Rxb2 Rxb2 31. Ra1 f6 32. Ra7 Rb7 33. Ra8+ Kh7 34. Ne4 Nf7 35. Qa4 Rd7 36. Rb8 Nh6 37. Nc3 Rb7 38. Rxb7 Qxb7 39. Qc6 Qe7 40. Qc4 Nf5 41. Qe4 Qc7 42. h5 Qxc3 43. hxg6+ Kxg6 44. Qg4+ Kh6 45. Qxf5 Qc5 46. g4 g6 47. Qxf6 Qxd5+ 48. f3 Qd2 49. Kf2 Kh7 50. g5 Qc2 51. Qf7+ Kh8 52. Qf8+ Kh7 53. Qxd6 Qf5 54. Qe7+ Kh8 55. Qf6+ 1-0


[Site "https://www.chess.com"]

[Event "Titled Tuesday Blitz July 05 Late 2022"]
[White "Eljanov, Pavel"]
[Black "Krstulovic, Alex"]
[WhiteFideId "14102951"]
[BlackFideId "760056"]
[WhiteElo "2601"]
[BlackElo "2244"]
[Result "1-0"]
[Round "03"]
[TimeControl "180+1"]
[Date "2022.07.05"]
[WhiteClock "0:00:17"]
[BlackClock "0:00:01"]

1. e4 c5 2. Nf3 e6 3. d4 cxd4 4. Nxd4 Nf6 5. Nc3 Nc6 6. g3 Qb6 7. Nb3 Bb4 8. Bg2 d5 9. O-O Bxc3 10. bxc3 O-O 11. exd5 Nxd5 12. c4 Nc3 13. Qd3 Nd4 14. Be3 e5 15. Rfe1 Qb4 16. Bd2 Nce2+ 17. Rxe2 Nxe2+ 18. Qxe2 Qe7 19. Be3 Rd8 20. Re1 Bf5 21. Bc5 Qf6 22. Bd5 e4 23. Nd4 Bg6 24. Nb5 Rac8 25. Bd4 Qa6 26. Nc3 Re8 27. h4 h6 28. h5 Bf5 29. Nxe4 Bxe4 30. Bxe4 Qxc4 31. Qxc4 Rxc4 32. c3 Kf8 33. Kf1 Ra4 34. Re2 Ra5 35. Bxb7 Rxe2 36. Kxe2 Rxa2+ 37. Kd3 a5 38. Bd5 Ra1 39. c4 Rd1+ 40. Ke3 a4 41. c5 a3 42. c6 Ke7 43. Bc5+ Kd8 44. Bb6+ Ke7 45. c7 Rc1 46. Kd2 1-0


[Site "https://www.chess.com"]

[Event "Titled Tuesday Blitz July 05 Late 2022"]
[White "Federzoni, Enzo"]
[Black "Barria Zuniga, Daniel"]
[WhiteFideId "2173301"]
[BlackFideId "3400816"]
[WhiteElo "1949"]
[BlackElo "2414"]
[Result "1/2-1/2"]
[Round "03"]
[TimeControl "180+1"]
[Date "2022.07.06"]
[WhiteClock "0:00:22"]
[BlackClock "0:00:05"]

1. c4 Nf6 2. Nc3 d6 3. e4 g6 4. d4 Bg7 5. Nf3 O-O 6. Bd3 c5 7. d5 Bg4 8. Be2 a6 9. a4 e6 10. O-O exd5 11. exd5 Nbd7 12. h3 Bxf3 13. Bxf3 Ne5 14. Be2 Re8 15. Bf4 Qa5 16. Qc2 Nfd7 17. Rae1 f5 18. g4 fxg4 19. hxg4 Qb4 20. Ne4 Qb6 21. Ng5 Nf8 22. Kg2 h6 23. Ne4 Nf7 24. Bf3 Be5 25. Bxe5 Rxe5 26. Rh1 Kg7 27. Qc3 Qb4 28. Qxb4 cxb4 29. c5 Rae8 30. cxd6 Nd7 31. Re2 a5 32. Rhe1 b6 33. b3 g5 34. Ng3 Nxd6 35. Rxe5 Rxe5 36. Rc1 Nc5 37. Rb1 Kf7 38. Rb2 Re1 39. Be2 Rc1 40. f3 Rc3 41. Bd1 Kf6 42. Nh5+ Ke5 43. Re2+ Kxd5 44. Bc2 Rxc2 45. Rxc2 Nxb3 46. Nf6+ Ke6 47. Ng8 Nc5 48. Nxh6 b3 49. Re2+ Kd5 50. Nf5 Nc4 51. Ne7+ Kd6 52. Nf5+ Kc6 53. Nd4+ Kd5 54. Nxb3 Nxb3 55. f4 gxf4 56. g5 Ne5 57. Rb2 Nc5 58. Rxb6 Nxa4 59. Ra6 Nc5 60. Rxa5 Kd6 61. Ra3 Ke6 62. Ra1 Kf5 63. Rf1 Ne6 64. Rxf4+ Nxf4+ 65. Kf1 Nfg6 66. Kg1 Ke4 67. Kf1 Kf4 68. Ke1 Ng4 69. Kd1 N4e5 70. Kc2 Kf3 71. Kd1 Ng4 72. Kd2 Ne3 73. Kc3 Kf4 74. Kd4 Nf5+ 75. Kd5 Ke3 76. Kc4 Ke4 77. Kc3 Kd5 78. Kd2 Kd4 79. Ke2 Kc3 80. Kf3 Kd3 81. Kg4 Ng7 82. Kf3 Kd4 83. Ke2 Ke4 84. Kd2 Ne6 85. Kc3 Kd5 86. Kd3 Nef4+ 87. Ke3 Ke5 88. Kf3 Kd4 89. Kg4 Ke5 90. Kf3 Kf5 91. Ke3 Nh3 92. Kd4 Nf2 93. Kd5 Ng4 94. Kd4 N4e5 95. Kd5 Nf3 96. Kc4 Ke5 97. Kd3 Nd4 98. Ke3 Ne6 99. Kd3 Nc5+ 100. Ke3 Kd5 101. Kf3 Kd4 102. Kg4 Ke5 103. Kf3 Kf5 104. Ke3 Ne4 105. Kd4 Nd6 106. Kd5 Nf7 107. Kd4 Nfe5 108. Ke3 Ke6 109. Kd4 Kd6 110. Ke4 Ke6 111. Kd4 Nf7 112. Ke4 Ne7 113. Kd4 Nd6 114. Ke3 Ndf5+ 1/2-1/2


[Site "https://www.chess.com"]

[Event "Titled Tuesday Blitz July 05 Late 2022"]
[White "Fernandez, Fernando"]
[Black "Tikhonov, Viacheslav"]
[WhiteFideId "3802299"]
[BlackFideId "44196407"]
[WhiteElo "2292"]
[BlackElo "1839"]
[Result "1-0"]
[Round "03"]
[TimeControl "180+1"]
[Date "2022.07.06"]
[WhiteClock "0:00:05"]
[BlackClock "0:00:09"]

1. e4 e6 2. d4 d5 3. Nc3 Bb4 4. e5 Ne7 5. a3 Bxc3+ 6. bxc3 c5 7. a4 b6 8. Bb5+ Bd7 9. Bd3 Qc7 10. Nf3 Nbc6 11. Ba3 cxd4 12. Bd6 Qc8 13. cxd4 Nxd4 14. O-O Nxf3+ 15. Qxf3 Qd8 16. c4 O-O 17. cxd5 exd5 18. Qh5 h6 19. f4 Re8 20. f5 Nc8 21. f6 Nxd6 22. exd6 Be6 23. d7 Qxd7 24. fxg7 Kxg7 25. Bb5 Qe7 26. Bxe8 Rxe8 27. Rf3 Rh8 28. Qe5+ Kh7 29. Raf1 Rf8 30. Rf6 Qc5+ 31. Kh1 d4 32. Qxc5 bxc5 33. Rxe6 fxe6 34. Rxf8 Kg6 35. Rc8 Kf5 36. Rxc5+ Ke4 37. Kg1 d3 38. Kf2 Kd4 39. Ra5 e5 40. Rxa7 e4 41. Re7 e3+ 42. Rxe3 d2 43. Ke2 d1=Q+ 44. Kxd1 Kxe3 45. a5 1-0


[Site "https://www.chess.com"]

[Event "Titled Tuesday Blitz July 05 Late 2022"]
[White "Fishbein, Alexander"]
[Black "Derraugh, Geordie"]
[WhiteFideId "2000377"]
[BlackFideId "2603950"]
[WhiteElo "2410"]
[BlackElo "2116"]
[Result "1-0"]
[Round "03"]
[TimeControl "180+1"]
[Date "2022.07.06"]
[WhiteClock "0:00:09"]
[BlackClock "0:00:11"]

1. e4 c5 2. Nf3 d6 3. d4 cxd4 4. Nxd4 Nf6 5. Nc3 a6 6. Nb3 Nc6 7. a4 Be6 8. Be2 Rc8 9. O-O g6 10. Bg5 Bg7 11. f4 Nb4 12. Kh1 h6 13. Bh4 Bc4 14. Bxc4 Rxc4 15. Qe2 Rc6 16. Rad1 Qc7 17. e5 dxe5 18. fxe5 Nd7 19. Qe4 a5 20. Bg3 Nxe5 21. Nb5 Qb8 22. c3 Na6 23. Nxa5 Re6 24. Qxb7 O-O 25. Qxb8 Rxb8 26. Nb3 Ra8 27. N3d4 Rb6 28. Rfe1 Nc4 29. b3 e5 30. bxc4 exd4 31. cxd4 Nb4 32. c5 Rb7 33. Nd6 Rba7 34. h3 Nc2 35. Re4 Rxa4 36. d5 Ra1 37. Rxa1 Rxa1+ 38. Kh2 Bd4 39. Rxd4 Nxd4 40. Be5 Rd1 41. Bxd4 Rxd4 42. c6 Rxd5 43. c7 Rc5 44. c8=Q+ Rxc8 45. Nxc8 Kg7 46. Nd6 f5 47. Kg3 Kf6 48. Kf3 g5 49. Nc4 h5 50. Ke3 Ke6 51. Kd4 h4 52. Ne3 Kf6 53. Kd5 g4 54. hxg4 f4 55. Nd1 Kg5 56. Nf2 f3 57. gxf3 Kf4 58. Nh3+ Kxf3 59. g5 Kg3 60. g6 Kxh3 61. g7 Kh2 62. g8=Q h3 63. Qg4 Kh1 64. Qxh3+ 1-0


[Site "https://www.chess.com"]

[Event "Titled Tuesday Blitz July 05 Late 2022"]
[White "Gomez Ledo, Roberto Carlos"]
[Black "Swiercz, Dariusz"]
[WhiteFideId "3507076"]
[BlackFideId "1126881"]
[WhiteElo "2379"]
[BlackElo "2627"]
[Result "0-1"]
[Round "03"]
[TimeControl "180+1"]
[Date "2022.07.05"]
[WhiteClock "0:00:06"]
[BlackClock "0:00:09"]

1. d4 Nf6 2. Bf4 g6 3. Nc3 d5 4. Nb5 Na6 5. e3 Bg7 6. h3 O-O 7. Nf3 c6 8. Na3 Nc7 9. Be2 Ne6 10. Bh2 b5 11. O-O Bb7 12. Nb1 a6 13. a4 Qb6 14. Nbd2 c5 15. c3 Rfc8 16. b4 c4 17. a5 Qd8 18. Qc2 Nc7 19. Ne5 Nce8 20. Rae1 Nd6 21. f3 e6 22. Bd1 Bh6 23. Kh1 Qe7 24. Rf2 Nd7 25. Nxd7 Qxd7 26. Nf1 f5 27. Be5 Nf7 28. f4 Nxe5 29. dxe5 g5 30. Nh2 Kh8 31. Qd2 gxf4 32. exf4 Rg8 33. Nf3 Rg3 34. Nd4 Rag8 35. Re3 Bc8 36. Kh2 Qg7 37. Ref3 Bd7 38. Kh1 Qg6 39. Kh2 Qg7 40. Bc2 Qg6 41. Bd1 Bc8 42. Bc2 Bf8 43. Bd1 Be7 44. Qe2 Bh4 45. Qf1 Bd7 46. Ne2 Rxf3 47. Rxf3 Qg7 48. Nd4 Bg3+ 49. Kh1 Qh6 50. Ne2 Bh4 51. g3 Be7 52. Kg2 Bc8 53. Nd4 Qg6 54. Qf2 Bd7 55. Kh2 Bd8 56. Be2 Bc7 57. Bd1 Bb8 58. Be2 Ba7 59. Bd1 Qf7 60. Be2 Rg6 61. Bd1 Qg8 62. Be2 Be8 63. Bd1 Rh6 64. Be2 Bh5 65. Re3 Bxd4 66. cxd4 Bxe2 67. Qxe2 Rg6 68. Rc3 Qg7 69. Qf2 Rh6 70. Qf3 Kg8 71. Kg2 Kf8 72. Re3 Rg6 73. Rc3 Qh6 74. g4 Qh4 75. Qg3 Qxg3+ 76. Kxg3 Kg7 77. Rc2 h6 78. Rc3 Kh7 79. Kh4 Rg8 80. Kg3 Kg6 81. Kh4 Rf8 82. Rc2 fxg4 83. Kxg4 h5+ 84. Kf3 Kh7 85. Rg2 Rg8 86. Rg5 Rxg5 87. fxg5 h4 88. Kf4 Kg6 89. Kg4 c3 0-1


[Site "https://www.chess.com"]

[Event "Titled Tuesday Blitz July 05 Late 2022"]
[White "Gong, Patrick"]
[Black "Drygalov, Andrey"]
[WhiteFideId "3222500"]
[BlackFideId "24171735"]
[WhiteElo "2103"]
[BlackElo "2531"]
[Result "1-0"]
[Round "03"]
[TimeControl "180+1"]
[Date "2022.07.05"]
[WhiteClock "0:00:20"]
[BlackClock "0:00:13"]

1. Nf3 d5 2. c4 d4 3. d3 Nc6 4. g3 e5 5. Bg2 Nf6 6. O-O Bd6 7. Na3 O-O 8. Nc2 a5 9. e3 Bc5 10. exd4 exd4 11. Re1 h6 12. Ne5 Nxe5 13. Rxe5 Bd6 14. Re1 c5 15. Na3 Bg4 16. Bf3 Qd7 17. Nb5 Bb8 18. Bxg4 Nxg4 19. b3 Ra6 20. Ba3 Rc8 21. Re4 h5 22. Qd2 Rf6 23. Rf1 b6 24. Bc1 Ne5 25. f4 Ng4 26. Qe2 h4 27. f5 Ne3 28. Bxe3 dxe3 29. g4 g6 30. Qxe3 Rxf5 31. gxf5 gxf5 32. Qg5+ Kf8 33. Rxh4 Be5 34. Qxf5 Qxf5 35. Rxf5 Re8 36. Re4 f6 37. Kg2 Kg7 38. Nc7 Rg8 39. Nd5 b5 40. Rg4+ Kf7 41. Rxg8 Kxg8 42. Nxf6+ 1-0


[Site "https://www.chess.com"]